Map: Apotheosis LE

Players

iaguz - Winner!

  • Race: Terran Terran

InvHarstem (Harstem)

  • Race: Protoss Protoss

Event: 2016 WCS Summer Circuit Championship (DH Montreal)

VOD

Have the link to the VOD?

Description

Time

  • Played on: Aug. 12, 2016, 3:35 p.m.
  • Length: 10:30

All games in this series

Show
View Real Time Build Order
Export as new Build Order

iaguz Terran - Winner!

Build Orders: Liberator Opening, Reaper Expand, MMM Bio 

Get SALT Encoding   

  12  0:00  SCV  
  13  0:12  SCV  
  14  0:17  Supply Depot  
  14  0:24  SCV  
  14  0:27  Refinery  
  15  0:38  SCV  
  16  0:44  Barracks  
  16  0:50  SCV  
  17  1:03  SCV  
  18  1:15  SCV  
  19  1:31  Reaper, Orbital Command  
  20  1:46  Command Center  
  20  1:55  Factory  
  20  1:59  SCV  
  21  2:05  Barracks Reactor  
  21  2:11  SCV  
  21  2:13  Refinery  
  22  2:23  SCV  
  23  2:39  Supply Depot  
  23  2:47  Starport  
  23  2:50  Barracks Tech Lab  
  23  2:58  Hellion x2, Orbital Command, SCV  
  28  3:12  SCV  
  29  3:19  Widow Mine x2, Marine  
  34  3:24  SCV  
  35  3:30  Medivac  
  35  3:32  SCV  
  38  3:36  SCV  
  38  3:37  Supply Depot  
  38  3:40  Supply Depot  
  39  3:44  SCV  
  39  3:47  Marine  
  42  3:48  SCV  
  42  3:49  Stimpack  
  38  3:56  SCV  
  38  3:57  Liberator  
  38  4:00  SCV  
  39  4:05  Widow Mine x2  
  39  4:06  Marine  
  39  4:08  SCV  
  45  4:12  SCV  
  49  4:19  Supply Depot  
  49  4:20  SCV  
  49  4:21  Supply Depot  
  50  4:26  SCV  
  49  4:32  SCV  
  49  4:36  Marine  
  51  4:38  SCV  
  51  4:45  SCV  
  51  4:50  SCV  
  51  4:52  Command Center  
  52  4:55  Marine  
  52  4:57  SCV  
  54  5:01  Starport Reactor  
  54  5:02  Factory Tech Lab, Barracks, SCV  
  54  5:03  Barracks  
  55  5:09  SCV  
  55  5:13  Engineering Bay, Marine  
  57  5:17  SCV  
  57  5:21  SCV  
  59  5:29  SCV, Refinery  
  59  5:31  Marine  
  59  5:32  Factory Reactor  
  59  5:33  SCV  
  62  5:40  Barracks x2  
  62  5:41  SCV  
  63  5:45  SCV  
  63  5:49  Marine  
  65  5:51  Marine x2  
  65  5:53  Combat Shields  
  65  5:54  SCV  
  68  5:58  Refinery  
  68  5:59  Terran Infantry Weapons Level 1, SCV  
  68  6:01  Marine  
  68  6:02  Medivac x2  
  74  6:07  SCV  
  76  6:11  SCV  
  76  6:14  Widow Mine x2, Marine x2, Marauder  
  76  6:16  Missile Turret  
  84  6:19  Marauder  
  83  6:27  Orbital Command  
  83  6:29  Barracks Tech Lab, Barracks Reactor  
  83  6:30  SCV  
  84  6:33  Missile Turret, Liberator  
  84  6:36  Marauder  
  84  6:37  SCV  
  83  6:40  Missile Turret  
  83  6:42  SCV  
  83  6:44  Liberator  
  83  6:46  Marine, Marauder  
  87  6:47  Marine  
  87  6:52  SCV  
  92  6:56  Supply Depot  
  92  7:01  Supply Depot  
  92  7:04  Marine x2, Marauder  
  92  7:05  Marine  
  100  7:09  Marine  
  100  7:13  Supply Depot  
  101  7:17  Widow Mine x2  
  101  7:18  Marauder, SCV x2  
  101  7:19  SCV  
  110  7:26  Marine x2, Marauder  
  110  7:27  Marine x2  
  110  7:28  Marauder  
  112  7:30  SCV x2, Refinery x2  
  112  7:31  SCV  
  112  7:32  Concussive Shells  
  115  7:37  Armory  
  115  7:40  Liberator x2, Engineering Bay  
  114  7:49  Marine x3  
  114  7:50  Widow Mine x2, Marine, Marauder  
  121  7:59  Marine, Marauder  
  124  8:07  Marine x2  
  124  8:09  Marine x2  
  124  8:11  Marauder  
  130  8:16  SCV x3  
  130  8:19  Supply Depot  
  133  8:21  Supply Depot  
  133  8:22  Supply Depot, Marine  
  133  8:23  Widow Mine x2  
  133  8:24  Marauder  
  133  8:25  Liberator x2  
  140  8:31  Terran Infantry Armor Level 1  
  140  8:33  Marine  
  141  8:40  Marine, Marauder  
  144  8:43  Marine  
  144  8:44  Marauder  
  144  8:46  Marauder  
  155  8:49  Supply Depot  
  155  8:52  Supply Depot  
  155  8:53  Supply Depot, Marine  
  155  8:54  Widow Mine  
  158  8:56  Widow Mine  
  160  9:12  Command Center  
  160  9:15  Marine x2, Marauder  
  164  9:17  Barracks x2  
  164  9:18  Marine, Barracks  
  164  9:20  Marauder  
  164  9:23  Marine  
  169  9:24  Marauder  
  167  9:32  Marine  
  167  9:33  Marine  
  167  9:36  Marine  
  167  9:37  Marauder  
  169  9:41  Marine  
  169  9:42  Marauder  
  169  9:45  Marine  
  161  9:51  Marine  
  154  9:58  Marauder  
  146  10:03  Marauder x2  
  146  10:04  Marine x2  
Show
View Real Time Build Order
Export as new Build Order

InvHarstem Protoss 

Build Orders: 1 Gate Expand, Oracle Opening 

Get SALT Encoding   

  12  0:01  Probe (Chrono Boost)  
  13  0:11  Probe (Chrono Boost)  
  14  0:17  Pylon  
  14  0:22  Probe (Chrono Boost)  
  16  0:36  Probe (Chrono Boost), Gateway  
  16  0:46  Probe (Chrono Boost)  
  16  0:48  Assimilator  
  17  0:57  Probe (Chrono Boost)  
  18  1:07  Probe (Chrono Boost)  
  19  1:18  Probe (Chrono Boost)  
  20  1:25  Nexus  
  20  1:33  Cybernetics Core  
  20  1:36  Probe (Chrono Boost)  
  21  1:47  Probe (Chrono Boost), Assimilator  
  22  1:56  Pylon  
  22  1:59  Probe (Chrono Boost)  
  23  2:12  Adept  
  23  2:14  Probe (Chrono Boost)  
  26  2:20  Stargate  
  26  2:26  Probe (Chrono Boost)  
  27  2:30  Warp Gate  
  27  2:36  Adept  
  28  2:38  Probe (Chrono Boost)  
  28  2:42  Probe (Chrono Boost)  
  31  2:50  Probe (Chrono Boost)  
  32  2:52  Probe (Chrono Boost)  
  33  2:59  Oracle  
  33  3:02  Probe (Chrono Boost)  
  33  3:03  Probe (Chrono Boost)  
  33  3:04  Adept  
  40  3:14  Probe (Chrono Boost)  
  40  3:15  Probe (Chrono Boost)  
  42  3:26  Probe (Chrono Boost)  
  44  3:27  Probe (Chrono Boost)  
  44  3:28  Adept, Pylon  
  46  3:43  Oracle  
  46  3:44  Nexus  
  46  3:48  Probe x2 (Chrono Boost)  
  51  3:59  Probe (Chrono Boost)  
  51  4:00  Probe (Chrono Boost)  
  52  4:06  Gateway x2  
  52  4:10  Probe (Chrono Boost)  
  52  4:12  Probe (Chrono Boost), Pylon  
  54  4:18  Pylon  
  54  4:30  Probe (Chrono Boost), Mothership Core (Chrono Boost), Phoenix  
  59  4:40  Probe (Chrono Boost)  
  59  4:42  Adept  
  59  4:44  Pylon  
  62  4:48  Assimilator  
  62  4:49  Probe (Chrono Boost)  
  62  4:50  Assimilator  
  62  4:51  Twilight Council, Probe (Chrono Boost)  
  64  4:59  Probe x2 (Chrono Boost)  
  66  5:02  Probe (Chrono Boost)  
  66  5:03  Sentry, Adept  
  71  5:10  Probe x2 (Chrono Boost)  
  71  5:12  Probe (Chrono Boost)  
  74  5:15  Phoenix  
  74  5:20  Probe (Chrono Boost)  
  78  5:22  Probe (Chrono Boost)  
  78  5:23  Probe (Chrono Boost), Resonating Glaives  
  79  5:31  Probe (Chrono Boost), Forge  
  79  5:32  Adept x2  
  79  5:33  Probe (Chrono Boost)  
  79  5:34  Probe (Chrono Boost)  
  86  5:41  Probe (Chrono Boost)  
  87  5:44  Probe (Chrono Boost)  
  87  5:46  Probe (Chrono Boost)  
  87  5:53  Stalker  
  87  5:54  Stalker  
  93  5:57  Gateway  
  93  5:58  Gateway  
  93  6:00  Robotics Facility, Protoss Ground Weapons Level 1  
  91  6:07  Stalker  
  93  6:15  Probe (Chrono Boost)  
  93  6:17  Probe (Chrono Boost)  
  93  6:18  Stalker x2  
  92  6:22  Probe (Chrono Boost)  
  87  6:32  Probe (Chrono Boost)  
  88  6:33  Probe (Chrono Boost), Adept  
  88  6:35  Probe (Chrono Boost)  
  88  6:38  Gateway  
  92  6:42  Gateway  
  92  6:43  Gateway  
  92  6:45  Observer  
  92  6:47  Pylon  
  92  6:48  Pylon  
  93  6:55  Pylon  
  93  6:59  Pylon  
  93  7:02  Phoenix  
  93  7:03  Forge  
  93  7:05  Probe (Chrono Boost)  
  93  7:06  Sentry, Adept  
  93  7:07  Probe (Chrono Boost)  
  101  7:12  Adept x2, Pylon  
  106  7:15  Adept  
  106  7:16  Probe (Chrono Boost)  
  108  7:26  Warp Prism  
  108  7:28  Adept  
  111  7:30  Pylon  
  111  7:31  Probe (Chrono Boost)  
  111  7:33  Adept x2, Assimilator  
  111  7:36  Assimilator  
  115  7:46  Phoenix  
  115  7:50  Adept x3  
  121  7:52  Protoss Ground Weapons Level 2  
  121  7:54  Protoss Ground Armor Level 1  
  121  8:07  Adept x3  
  121  8:12  Probe (Chrono Boost)  
  129  8:13  Blink, Probe (Chrono Boost)  
  129  8:17  Stalker x3  
  135  8:24  Probe (Chrono Boost)  
  136  8:27  Photon Cannon  
  136  8:30  Robotics Bay  
  136  8:33  Stalker x2  
  140  8:36  Probe (Chrono Boost)  
  140  8:38  Pylon  
  141  8:51  Pylon  
  141  8:53  Pylon  
  141  8:57  Pylon  
  141  8:58  Probe (Chrono Boost), Adept x3  
  148  9:04  Pylon, Nexus  
  148  9:07  Pylon  
  149  9:10  Probe (Chrono Boost)  
  149  9:18  Stalker x2  
  149  9:19  Stalker x2, Disruptor  
  160  9:27  Adept x4  
  164  9:33  Pylon  
  164  9:44  Stalker x3  
  168  9:50  Disruptor  
  163  10:02  Adept x3  
  163  10:06  Probe (Chrono Boost)  
  147  10:13  Stalker x4  
  104  10:19  Stalker  
Tags
 
Add a new tag
Caveats
  • Supply blocks, unpowered buildings, or Contaminate may cause inaccurate times.
  • Supply counts are checked every 10 seconds.